AoeStats
← El bayano

Arabia

509162731Analyzed
1v1 RM · 7d ago on Sep 25, 2026· 44m 18s· 2 players
Game mode
Random Map
Map size
Tiny (2 player)
Population
200
Speed
Normal
Resources
Standard
Victory
Conquest
Starting age
Dark Age
Ending age
Imperial Age
RankedLock teamsTeams togetherTeam positionsShared explorationLock speedFull tech treeHidden civsTurbo modeCheats
Victory
Defeat
🇺🇾 Franks · Uruguay
1524
+18
🇨🇳 Huns · China
1574
-18
El bayano
8:39 Loom
10:44 Feudal Age
15:31 Castle Age
21:40 Forging
23:47 Scale Mail Armor
28:30 Fletching
32:50 Chain Mail Armor
34:00 Iron Casting
39:05 Town Watch
民办大A
6:02 Loom
9:07 Feudal Age
11:01 Double-Bit Axe
12:46 Horse Collar
19:19 Castle Age
17:13 Fletching
18:10 Padded Archer Armor
18:37 Bloodlines
18:52 Gold Mining
20:13 Bodkin Arrow
30:17 Ballistics
Connection lost

Rejoining the realm…

Still unreachable

The connection could not be restored.

Session expired

The server has moved on; the page needs a fresh start.